 Dungeon Crawl Stone Soup version 0.26-a0-1053-gaff5f71418 (webtiles) character file.

Game seed: 1577657095512882755

9 ootcrobin the Skirmisher (level 2, -1/19 HPs)
             Began as a Gargoyle Chaos Knight on Dec 13, 2020.
             Was a Plaything of Xom.
             Slain by a fire bat (shapeshifter) (7 damage)
             ... on level 1 of the Dungeon.
             The game lasted 00:03:47 (309 turns).

ootcrobin the Skirmisher (Gargoyle Chaos Knight)     Turns: 309, Time: 00:03:47

Health: -1/19      AC: 10    Str: 15    XL:     2   Next: 12%
Magic:  2/2        EV: 11    Int: 12    God:    Xom [....*.]
Gold:   19         SH:  0    Dex:  9    Spells: 1/1 levels left

rFire    . . .     SeeInvis .   a - +0 mace (chaos)
rCold    . . .     Faith    .   (no shield)
rNeg     + . .     Spirit   .   b - +2 leather armour
rPois    ∞         Reflect  .   e - +2 hat
rElec    +         Harm     .   (no cloak)
rCorr    .         Rampage  .   (no gloves)
Will     .....                  (no boots)
Stlth    +.........             (no amulet)
HPRegen  0.06/turn              (no ring)
MPRegen  0.08/turn              (no ring)

@: cleaving
A: negative energy resistance 1, electricity resistance, unbreathing,
petrification resistance, rot immunity, AC +2
a: Renounce Religion


You were on level 1 of the Dungeon.
You worshipped Xom.
You were a beloved toy of Xom.
You visited 1 branch of the dungeon, and saw 1 of its levels.

You collected 19 gold pieces.

Inventory:

Hand Weapons
 a - a +0 mace of chaos (weapon)
Missiles
 c - 11 stones (quivered)
Armour
 b - a +2 leather armour (worn)
 e - a +2 hat (worn)
   (You found it on level 1 of the Dungeon)
Scrolls
 d - a scroll of amnesia {unknown}


   Skills:
 - Level 3.3 Fighting
 + Level 3.2 Maces & Flails
 + Level 0.8 Throwing
 - Level 2.2 Armour
 - Level 0.7 Dodging


You had one spell level left.
You didn't know any spells.
Your spell library was empty.

Dungeon Overview and Level Annotations

Branches:
Dungeon (1/15)

Altars:


Innate Abilities, Weirdness & Mutations

You are resistant to torment.
Your stone body is resilient. (AC +2)
You are immune to poison.
You resist negative energy. (rN+)
You are resistant to electric shocks. (rElec)
You can survive without breathing.
You are immune to petrification.
You are immune to rotting.


Message History

You throw a stone.
The stone hits the goblin but does no damage.
The goblin barely misses you.
You throw a stone.
The stone hits the goblin but does no damage.
The goblin hits you but does no damage.
You throw a stone. The stone hits the goblin.
The goblin is severely wounded.
The goblin hits you but does no damage.
You throw a stone. The stone closely misses the goblin.
The goblin hits you.
You throw a stone. The stone hits the goblin.
You kill the goblin!
c - 12 stones (gained 3)
A dart slug comes into view.
A kobold comes into view.
The kobold shouts!
You see here 2 scrolls labelled RUMORU SIARYKH.
The dart slug launches a dart at you. The slug dart misses you.
Xom's power touches on a nearby monster.
The dart slug evaporates and reforms as a gnoll!
You throw a stone. The stone closely misses the gnoll.
The gnoll hits you.
* * * LOW HITPOINT WARNING * * *
A shower of butterflies erupts from you!
The gnoll completely misses your butterfly.
The gnoll misses your butterfly.
Something closely misses your butterfly.
The gnoll hits your butterfly.
Your butterfly dies!
Something hits your butterfly.
Your butterfly dies!
The gnoll completely misses your butterfly.
The gnoll completely misses your butterfly.
You see here a kobold corpse.
Something misses your butterfly.
Your butterfly disappears in a puff of smoke!
There are monsters nearby!
Unknown command.
Unknown command.
Things that are here:
a +0 dagger; a kobold corpse You are now a favourite toy of Xom.
Unknown command.
Things that are here:
a +0 dagger; a kobold corpse You see here a rat corpse.
Unknown command.
You see here a rat skeleton.
The hobgoblin barely misses you.
You barely miss the hobgoblin. The hobgoblin barely misses you.
You closely miss the hobgoblin.
Xom's power touches on a nearby monster.
The gnoll changes into a shapeshifter!
You are now a beloved toy of Xom.
The shapeshifter changes into a jumping spider!
The hobgoblin misses you.
Unknown command.
You barely miss the hobgoblin.
The jumping spider leaps!
The hobgoblin hits you but does no damage.
You completely miss the hobgoblin. The hobgoblin misses you.
You barely miss the hobgoblin. The kobold hits you but does no damage.
The hobgoblin closely misses you. The kobold barely misses you.
You hit the hobgoblin but do no damage.
The jumping spider leaps!
The hobgoblin barely misses you. The kobold closely misses you.
You hit the hobgoblin. You drain the hobgoblin.
You kill the hobgoblin!
The kobold misses you.
You have reached level 2!
You hit the kobold.
Space bends around the kobold.
You kill the kobold!
You see here a +0 club.
Unknown command.
An orb spider comes into view.
A soldier ant comes into view.
You see here a kobold corpse.
A fire bat comes into view. "Go forth and cause havoc, mortal!"
Your +0 mace of chaos looks sharp.
The fire bat bites you.
You are engulfed in flames!
* * * LOW HITPOINT WARNING * * *
Unknown command.
You hit the fire bat.
The fire bat is moderately wounded.
The fire bat closely misses you.
The fire bat bites you but does no damage.
You sock the fire bat!
The fire bat is heavily wounded.
The fire bat barely misses you.
You hit the fire bat.
The fire bat is severely wounded.
The fire bat bites you but does no damage.
You barely miss the fire bat.
The fire bat is severely wounded.
The fire bat bites you but does no damage.
The fire bat bites you.
* * * LOW HITPOINT WARNING * * *
You are engulfed in flames!
You die...
Xom chuckles heartily!

░░░░░░░ ░░.....░░ ░░.......░░
░.........░ ░.........░
.░.........░ ░░░░░░░
...........░░░░░░░░░░░░░░░░.....░
................@b.....†........░
░...........░░░░░░░....░░░░░░░...
░...........░ ░....░ ░░.░░
░...........░ ░....░ ░....
░░..........░░░░░░░....░░░░░░....
░..........░░...................
░░.......░..)...÷.....░░░░░░.(..
░.......░...g░░░░....░ ░....
░.....░...░..░ ░....░ ░.((.


You could see a fire bat.

Vanquished Creatures
  A hobgoblin (D:1)
  A bat (D:1)
  2 frilled lizards (D:1)
  A goblin (D:1)
  3 kobolds (D:1)
  2 rats (D:1)
10 creatures vanquished.

Notes
Turn   | Place    | Note
-------+----------+-------------------------------------------
     0 | D:1      | ootcrobin the Gargoyle Chaos Knight began the quest for the
                  | Orb.
     0 | D:1      | Reached XP level 1. HP: 14/14 MP: 1/1
   150 | D:1      | XOM: divination: detect items
   164 | D:1      | XOM: polymorph dart slug -> gnoll
   171 | D:1      | XOM: butterfly on damage
   268 | D:1      | Noticed a shapeshifter
   268 | D:1      | a gnoll changed into a shapeshifter
   268 | D:1      | XOM: polymorph gnoll -> shapeshifter
   268 | D:1      | Noticed a jumping spider
   268 | D:1      | a shapeshifter changed into a jumping spider
   274 | D:1      | Reached XP level 2. HP: 15/19 MP: 2/2
   281 | D:1      | Noticed an orb spider
   288 | D:1      | Noticed a soldier ant
   301 | D:1      | Noticed a fire bat
   303 | D:1      | XOM: cleaving
   309 | D:1      | Slain by a fire bat (shapeshifter)

Illustrated notes

Levels and vault maps discovered:
D:1:      lightli_arrival_isolated_outpost, layout_rooms

Action                   || total
-------------------------++-------
Melee: Mace              ||    19
Throw: Stone             ||    32
Armor: Leather armour    ||    10
Dodge: Dodged            ||    16

Table legend: (Time is in decaauts)
 A = Elapsed time spent in this place.
 B = Non-inter-level travel time spent in this place.
 C = Inter-level travel time spent in this place.
 D = Time resting spent in this place.
 E = Time spent auto-exploring this place.
 F = Levels seen in this place.
 G = Mean time per level.
                   A        B        C        D        E       F      G
               +--------+--------+--------+--------+--------+-----+--------+
         Total |    316 |    316 |      0 |      0 |     77 |   1 |  316.0 |
       Dungeon |    316 |    316 |      0 |      0 |     77 |   1 |  316.0 |
               +--------+--------+--------+--------+--------+-----+--------+

Top non-repeatable levels by time:
     D:1: 316 daAuts

Table legend:
 A = Kills in this place as a percentage of kills in entire the game.
 B = Kills by you in this place as a percentage of kills by you in the entire game.
 C = Kills by friends in this place as a percentage of kills by friends in the entire game.
 D = Other kills in this place as a percentage of other kills in the entire game.
 E = Experience gained in this place as a percentage of experience gained in the entire game.
 F = Experience gained in this place divided by the number of levels of this place that you have seen.
                   A       B       C       D       E      F
               +-------+-------+-------+-------+-------+----------------------
         Total | 100.0 | 100.0 |   N/A |   N/A | 100.0 |  13.0
       Dungeon | 100.0 | 100.0 |   N/A |   N/A | 100.0 |  13.0
               +-------+-------+-------+-------+-------+----------------------
